 Dungeon Sprint DCSS version 0.19-a0-1889-g9c603be (webtiles) character file.

35 poirepourri the Sneak (level 3, 0/16 HPs)
             Began as a Spriggan Enchanter on Oct 17, 2016.
             Slain by a human (8 damage)
             ... in the Dungeon (Sprint III: "The Ten Rune Challenge").
             The game lasted 00:00:34 (242 turns).

poirepourri the Sneak (Spriggan Enchanter)           Turns: 242, Time: 00:00:35

Health: 0/16       AC:  3    Str:  4    XL:     3   Next: 17%
Magic:  9/9        EV: 19    Int: 16    God:
Gold:   7          SH:  0    Dex: 17    Spells: 4 memorised, 0 levels left

rFire  . . .     SeeInvis +     a - +1 dagger
rCold  . . .     Gourm    .     b - +1 robe
rNeg   . . .     Faith    .     (shield restricted)
rPois  .         Spirit   .     (helmet restricted)
rElec  .         Reflect  .     (no cloak)
rCorr  .         Harm     .     (gloves unavailable)
MR     .....     NoTele   +     (boots unavailable)
Stlth  ++++......               (no amulet)
                                (no ring)
                                (no ring)

@: very slightly contaminated, very quick
A: unfitting armour, see invisible, herbivore 3, speed 3, slow metabolism 2
a: no special abilities


You were in the Dungeon.
You were not hungry.

You visited 1 branch You collected 7 gold pieces.

Inventory:

Hand Weapons
 a - a +1 dagger (weapon)
Armour
 b - a +1 robe (worn)
Scrolls
 j - a scroll of blinking
Potions
 e - a potion of curing
 f - a potion of heal wounds
 g - a potion of haste
 h - a potion of magic
Books
 c - a book of Maledictions

   Spells                             Type                      Level
   a - Corona                         Hexes                        1
   b - Ensorcelled Hibernation        Hexes/Ice                    2
   c - Confuse                        Hexes                        3
   d - Tukima's Dance                 Hexes                        3
   e - Dazzling Spray                 Conjuration/Hexes            3
Comestibles
 d - a bread ration


   Skills:
 + Level 1.5 Short Blades
 + Level 4.1 Dodging
 + Level 7.0 Stealth
 + Level 3.9 Spellcasting
 + Level 6.1 Hexes


You couldn't memorise any spells.
You knew the following spells:

 Your Spells              Type           Power        Failure   Level  Hunger
a - Corona                Hex            ###....      1%          1    None
b - Ensorcelled Hibernat  Hex/Ice        ##....       10%         2    ##.....
c - Confuse               Hex            ###.....     4%          3    ###....
d - Tukima's Dance        Hex            ###.....     4%          3    ###....


Dungeon Overview and Level Annotations

Branches:
Dungeon (1/1)

Altars:


Innate Abilities, Weirdness & Mutations

You are very small and have problems with some larger weapons.
You are too small for most types of armour.
You have supernaturally acute eyesight. (SInv)
You are a herbivore.
You cover ground extremely quickly.
You need consume almost no food.


Message History

Confirm with . or Enter, or press ? or * to list all spells.
Aiming: Ensorcelled Hibernation
Press: ? - help, Shift-Dir - straight line, f/p - human
Aim: a human (chance to defeat MR: 43%)
The human resists with some effort.
The human hits you!
Ouch! That really hurt!
Casting: Ensorcelled Hibernation
Confirm with . or Enter, or press ? or * to list all spells.
Aiming: Ensorcelled Hibernation
Press: ? - help, Shift-Dir - straight line, f/p - human
Aim: a human (chance to defeat MR: 43%)
The human looks drowsy...
The helpless human fails to defend itself.
You impale the human!!
The human is severely wounded.
The human barely misses you.
Unknown command.
Magic courses through your body. The human hits you!
Ouch! That really hurt!
You die...

▓.....#....≈. ♣♣♣.#
▓.....#...≈≈♣♣....
▓....(#..≈≈≈≈...♣ +
▓####'#..≈≈≈≈≈≈.♣.#
▓.....#.≈≈≈≈≈≈....#
▓.)...#.≈≈≈≈≈.....#
▓.....#.≈≈≈.......#
▓'#####...........#
▓..@p.............#
▓▓▓▓▓▓▓▓▓▓▓▓▓▓▓▓▓▓▓


You could see a human.

Vanquished Creatures
  Jessica (D)
  2 oozes (D)
3 creatures vanquished.

Vanquished Creatures (others)
  2 draconian scorchers (D)
  6 hellions (D)
  A yaktaur (D)
9 creatures vanquished.

Grand Total: 12 creatures vanquished

Notes
Turn   | Place    | Note
-------+----------+-------------------------------------------
     0 | D        | poirepourri the Spriggan Enchanter began the quest for the Orb.
     0 | D        | Reached XP level 1. HP: 9/9 MP: 5/5
    16 | D        | Reached skill level 5 in Stealth
    18 | D        | Reached skill level 5 in Hexes
    18 | D        | Reached XP level 2. HP: 7/13 MP: 7/7
    68 | D        | Learned a level 2 spell: Ensorcelled Hibernation
    96 | D        | Killed a hellion
    97 | D        | Killed a hellion
    97 | D        | Killed a hellion
    97 | D        | Killed a hellion
    97 | D        | Killed a hellion
   141 | D        | Killed a white draconian scorcher
   182 | D        | Killed a yaktaur
   190 | D        | Noticed Jessica
   193 | D        | Killed Jessica
   193 | D        | Reached skill level 7 in Stealth
   193 | D        | Reached XP level 3. HP: 16/16 MP: 9/9
   195 | D        | Killed a hellion
   210 | D        | Learned a level 3 spell: Confuse
   214 | D        | Learned a level 3 spell: Tukima's Dance
   222 | D        | Killed a white draconian scorcher
   242 | D        | Slain by a human

Vault maps used:
D:        dungeon_sprint_mu

Skill      XL: |  1  2 |
---------------+-------+-----
Stealth        | 5 7 |  7.0
Spellcasting   | 3 |  3.9
Hexes          | 5 6 |  6.1
Dodging        | 4 |  4.1
Short Blades   | |  1.5

Action                   || total
-------------------------++-------
Melee: Dagger            ||    11
 Cast: Ensorcelled Hiber ||     4
  Use: Potion            ||     2
 Stab: Sleeping          ||     2
Armor: Robe              ||     3
Dodge: Dodged            ||    10
